 Dungeon Crawl Stone Soup version 0.29.0-11-gd7f09526c8 (webtiles) character file.

Game seed: 17472901801757574477

674 DocSulfur the Charlatan (level 7, -2/70 HPs)
             Began as a Djinni Artificer on Sept 5, 2022.
             Was an Initiate of Ashenzari.
             Slain by an ice beast (6 damage)
             ... on level 5 of the Dungeon.
             The game lasted 00:27:53 (4138 turns).

DocSulfur the Charlatan (Djinni Artificer)          Turns: 4138, Time: 00:27:54

Health: -2/70      AC: 23    Str: 11    XL:     7   Next: 90%
Gold:   218        EV:  2    Int: 15    God:    Ashenzari [......] SH:  0 Dex: 13

rFire   . . .      SeeInvis .   l - +0 quarterstaff
rCold   + . .      Faith    .   (shield currently unavailable)
rNeg    . . .      Spirit   .   (body armour currently unavailable)
rPois   ∞          Reflect  .   (helmet currently unavailable)
rElec   .          Harm     .   (cloak currently unavailable)
rCorr   .          Rampage  .   (gloves currently unavailable)
Will    .....      NoTele   +   (boots unavailable)
Stlth   +.........              (no amulet)
HPRegen 0.21/turn               n - ring of protection from cold
MPRegen 0.00/turn               (no ring)

@: tree-form
A: stationary, stasis, torment immunity, boosted hp, sickness immunity, (fire
resistance 2), (cold vulnerability 1), float, innate caster, HP casting, extra
vitality 1
a: Renounce Religion


You were on level 5 of the Dungeon.
You worshipped Ashenzari.
Ashenzari was noncommittal.
You were a tree.
You visited 2 branches of the dungeon, and saw 6 of its levels.

You collected 218 gold pieces.

Inventory:

Hand Weapons
 c - a +0 trident
 l - a +0 quarterstaff (weapon)
 v - a +0 sling
Armour
 b - a +0 leather armour
 f - a +0 ring mail (melded)
 q - +0 gold dragon scales
Jewellery
 n - a ring of protection from cold (left branch)
 o - a ring of fire
Wands
 d - a wand of charming (10)
Scrolls
 a - a scroll of amnesia {unknown}
 h - 2 scrolls of vulnerability {unknown}
 m - a scroll of teleportation {unknown}
 p - 2 scrolls of magic mapping
 s - 2 scrolls of identify
 t - 2 scrolls of silence
 u - a scroll of brand weapon {unknown}
 w - a scroll of enchant weapon {unknown}
 x - a scroll of immolation
 y - a scroll of fog {unknown}
Potions
 g - a potion of might {unknown}
 j - a potion of degeneration {unknown}
 k - a potion of attraction {unknown}
 r - a potion of heal wounds {unknown}
 z - 2 potions of lignification
 A - a potion of ambrosia {unknown}


   Skills:
 + Level 1.0 Fighting
 * Level 0.0 Polearms
 + Level 3.0 Armour
 + Level 2.1 Dodging
 - Level 0.7 Stealth
 - Level 4.1 Spellcasting
 - Level 5.6 Evocations


You had 8 spell levels left.
You knew the following spells:

 Your Spells              Type           Power      Damage    Failure   Level
a - Slow                  Hex            60%        N/A       3%          1
b - Wereblood             Tmut           15%        N/A       4%          2
c - Lesser Beckoning      Tloc           15%        N/A       10%         3
Your spell library was empty.

Dungeon Overview and Level Annotations

Branches:
Dungeon (5/15)             Temple (1/1) D:5

Altars:
Ashenzari
Cheibriados
Dithmenos
Elyvilon
Gozag
Hepliaklqana
Makhleb
Qazlal
Ru
Trog
Xom
The Shining One

Annotations:
D:4 exclusion: downstairs
D:5 Dowan, Duvessa


Innate Abilities, Weirdness & Mutations

You are a tree.
Your roots penetrate the ground, keeping you stationary.
You cannot be teleported.
You are immune to unholy pain and torment.
Your maximum health is greatly increased.
Your equipment is partially melded.
You are immune to sickness and miasma.
You are immune to poison.
((Your flesh is very heat resistant. (rF++)))
((You are vulnerable to cold. (rC-)))
You float through the air rather than walking.
You learn spells naturally, not from books.
Your magical power is your life essence.
You have superior vitality. (+4 MHP)


Message History

The ufetubus hits you but does no damage.
The ufetubus attacks as you move away! The ufetubus hits you.
* * * LOW HITPOINT WARNING * * *
The ufetubus closely misses you.
Okay, then.
It was a potion of lignification.
You turn into a tree.
Your +0 ring mail melds into your body.
Your roots penetrate the ground.
The ufetubus hits you but does no damage. x4
It was a potion of curing.
You feel better. The ufetubus completely misses you.
The ufetubus hits you but does no damage.
The ice beast hits you but does no damage.
You closely miss the ufetubus.
The ufetubus is heavily wounded.
The ufetubus hits you but does no damage. x2
The ufetubus hits you.
* * * LOW HITPOINT WARNING * * *
The ufetubus hits you but does no damage.
The ice beast hits you but does no damage.
Okay, then.
You hit the ufetubus.
The ufetubus is heavily wounded.
The ufetubus hits you but does no damage.
The ufetubus hits you.
* * * LOW HITPOINT WARNING * * *
The ice beast hits you.
* * * LOW HITPOINT WARNING * * *
The ice beast freezes you. You resist.
* * * LOW HITPOINT WARNING * * *
The ufetubus barely misses you.
The ufetubus hits you but does no damage.
You barely miss the ufetubus.
The ufetubus is heavily wounded.
The ufetubus hits you but does no damage.
The ufetubus barely misses you.
The ice beast hits you but does no damage.
The ufetubus hits you but does no damage. x2
The ice beast hits you.
* * * LOW HITPOINT WARNING * * *
The ice beast freezes you. You resist.
You die...

#..# .#. ..# $. ..# ##.#
#.# #... ####.#
####...##....#
.............#
.........Y...#
#####.♣#.8.############
#..5...............
#..8.>.8...[...####
#.......#.####.##
.._...^..#.8.#..###..^#
......#.##.....###.###.#
......#............# .#
..... #.##.....###.# #
##^## #.###...## ##.


You could see an ice beast and an ufetubus.

Vanquished Creatures
  Sigmund (D:5)
  2 ogres
  Blork the orc (D:5)
  A scorpion (D:4)
  Jessica (D:3)
  Natasha (thrice) (D:3)
  5 adders
  An ufetubus (D:5)
  2 dart slugs
  A worm (D:2)
  2 orcs
  7 endoplasms
  4 giant cockroaches
  8 hobgoblins
  2 quokkas
  6 ball pythons
  4 bats
  4 frilled lizards
  4 goblins
  4 kobolds
  6 rats
  A spectral kobold (D:1)
70 creatures vanquished.

Notes
Turn   | Place    | Note
-------+----------+-------------------------------------------
     0 | D:1      | DocSulfur the Djinni Artificer began the quest for the Orb.
     0 | D:1      | Reached XP level 1. HP: 17/17 MP: 0/0
   301 | D:1      | Reached XP level 2. HP: 20/22 MP: 0/0
   830 | D:1      | Reached skill level 1 in Spellcasting
   907 | D:1      | Reached XP level 3. HP: 22/27 MP: 0/0
   907 | D:1      | Learned a level 1 spell: Slow
  1308 | D:1      | Found a faded altar of an unknown god.
  1772 | D:2      | Reached skill level 4 in Evocations
  1772 | D:2      | Reached XP level 4. HP: 32/32 MP: 0/0
  1987 | D:3      | Noticed Natasha
  1992 | D:3      | Killed Natasha
  2094 | D:3      | Noticed Jessica
  2097 | D:3      | Killed Jessica
  2098 | D:3      | Reached XP level 5. HP: 35/37 MP: 0/0
  2098 | D:3      | Learned a level 2 spell: Wereblood
  2194 | D:3      | Noticed Natasha
  2203 | D:3      | Killed Natasha
  2413 | D:3      | Noticed Natasha
  2421 | D:3      | Killed Natasha
  2844 | D:4      | Reached XP level 6. HP: 30/42 MP: 0/0
  2962 | D:4      | Found a white marble altar of Elyvilon.
  2964 | D:4      | Found a hazy altar of Hepliaklqana.
  2968 | D:4      | Found a snail-covered altar of Cheibriados.
  2968 | D:4      | Found a shimmering altar of Xom.
  2969 | D:4      | Found a burning altar of Makhleb.
  2972 | D:4      | Found an opulent altar of Gozag.
  2974 | D:4      | Found a sacrificial altar of Ru.
  3114 | D:4      | Reached skill level 5 in Evocations
  3209 | D:4      | Noticed an ogre
  3214 | D:4      | Killed an ogre
  3576 | D:5      | Entered Level 5 of the Dungeon
  3621 | D:5      | Noticed Blork the orc
  3626 | D:5      | Killed Blork the orc
  3627 | D:5      | Reached XP level 7. HP: 37/47 MP: 0/0
  3627 | D:5      | Learned a level 3 spell: Lesser Beckoning
  3733 | D:5      | Noticed Duvessa
  3733 | D:5      | Noticed Dowan
  3822 | D:5      | Noticed Sigmund
  3829 | D:5      | Found a staircase to the Ecumenical Temple.
  3838 | D:5      | Killed Sigmund
  3869 | Temple   | Entered the Ecumenical Temple
  3885 | Temple   | Became a worshipper of Ashenzari the Shackled
  3916 | D:5      | Found a bloodstained altar of Trog.
  4133 | D:5      | HP: 2/47 [ufetubus (3)]
  4138 | D:5      | Slain by an ice beast

Illustrated notes

Levels and vault maps discovered:
D:1:      tarquinn_simple_flora_water_e, layout_loops_ring,
          dreamdust_ecumenical_altar_drowned_temple, corner_web_ring,
          minmay_heptomino_o4
D:2:      layout_rooms, grunt_decor_fettered, corexii_item_surrounded_by_moat
D:3:      layout_basic, uniq_natasha, uniq_jessica
D:4:      layout_basic, minitemple
D:5:      layout_loops_ring, lemuel_tele_altar,
          minmay_temple_entry_statues_pillars, kennysheep_crisscross,
          uniq_duvessa, uniq_blork_the_orc, uniq_sigmund,
          uniq_crazy_yiuf_cottage
Temple:   nicolae_temple_bog_church

Skill      XL: |  1  2  3  4  5  6  7 |
---------------+----------------------+-----
Spellcasting   | 1 2 3 4 |  4.1
Evocations     | 4 5 |  5.6
Armour         | 2 3 |  3.0
Fighting       | |  1.0
Dodging        | |  2.1
Stealth        | |  0.7

Action                   |  1- 3 |  4- 6 |  7- 9 || total
-------------------------+-------+-------+-------++-------
Melee: Short sword       |    75 |       |       ||    75
       Club              |     6 |       |       ||     6
       Punch             |     1 |       |       ||     1
       Quarterstaff      |    41 |    81 |    23 ||   145
 Fire: Sling             |     8 |     4 |    12 ||    24
 Cast: Slow              |     1 |     7 |     3 ||    11
Evoke: Wand              |     9 |    14 |     2 ||    25
  Use: Scroll            |       |     3 |       ||     3
       Potion            |       |       |     2 ||     2
Armor: Ring mail         |    50 |    28 |    16 ||    94
       Leather armour    |     1 |       |       ||     1
       Skin              |       |       |    16 ||    16
Dodge: Dodged            |    83 |    54 |    26 ||   163
